 Dungeon Crawl Stone Soup version 0.25-a0-668-gea548f19b6 (webtiles) character file.

Game seed: 4245265000533230636, levelgen mode: deterministic

10843 ReteAZ the Spear-Bearer (level 11, -3/92 HPs)
             Began as a Merfolk Gladiator on Mar 28, 2020.
             Was an Elder of Okawaru.
             Slain by a blink frog (7 damage)
             ... on level 1 of the Lair of Beasts.
             The game lasted 00:23:01 (11150 turns).

ReteAZ the Spear-Bearer (Merfolk Gladiator)        Turns: 11150, Time: 00:23:02

Health: -3/92      AC: 10    Str: 15    XL:     11   Next: 68%
Magic:  11/11      EV: 15    Int:  8    God:    Okawaru [****..]
Gold:   534        SH:  9    Dex: 18    Spells: 10/10 levels left

rFire    + . .     SeeInvis .   b - +11 hunting sling "Fayceoso" {venom, *Slow +Blink rF+}
rCold    + . .     Gourm    .   Q - +0 kite shield
rNeg     . . .     Faith    .   y - +2 ring mail {rC+}
rPois    .         Spirit   .   c - +0 helmet
rElec    .         Reflect  .   x - +0 cloak
rCorr    .         Harm     .   C - +0 pair of gloves
MR       .....                  (no boots)
Stlth    +.........             s - amulet of the acrobat
HPRegen  0.25/turn              R - +3 ring of evasion
MPRegen  0.12/turn              J - ring of wizardry

@: lethally poisoned (-3 -> -4)
A: change form in water, swift swim, stealthy swim
a: Heroism, Renounce Religion, Evoke Blink


You were on level 1 of the Lair of Beasts.
You worshipped Okawaru.
Okawaru was greatly pleased with you.
You were not hungry.

You visited 3 branches of the dungeon, and saw 12 of its levels.
You also visited: Sewer.

You collected 534 gold pieces.

Inventory:

Hand Weapons
 a - a +0 trident
 b - the +11 hunting sling "Fayceoso" (weapon) {venom, *Slow +Blink rF+}
   (You found it on level 4 of the Dungeon)

   It poisons the ammo it fires.
   It protects you from fire.
   It lets you blink.
   It may slow you when you take damage.
 F - a +3 hunting sling
Missiles
 k - 308 stones (quivered)
 q - 2 javelins
 z - 7 boomerangs
 B - 2 throwing nets
 K - 20 poisoned darts
 N - 24 sling bullets
Armour
 c - a +0 helmet (worn)
 x - a +0 cloak (worn)
 y - a +2 ring mail of cold resistance (worn)
 A - a +0 leather armour
 C - a +0 pair of gloves (worn)
 Q - a +0 kite shield (worn)
Jewellery
 s - an amulet of the acrobat (around neck)
 u - an uncursed ring of resist corrosion
 J - a ring of wizardry (right hand)
 P - a +3 amulet of reflection {unknown}
 R - a +3 ring of evasion (left hand)
Wands
 e - a wand of random effects (29)
 I - a wand of flame (36)
 M - a wand of paralysis (8)
Scrolls
 h - a scroll of immolation {unknown}
 j - 3 scrolls of noise {unknown}
 m - a scroll of magic mapping {unknown}
 n - a scroll of amnesia {unknown}
 o - 6 scrolls of identify
 r - 3 scrolls of fog {unknown}
 t - a scroll of torment {unknown}
 v - 3 scrolls of remove curse
 w - a scroll of enchant weapon {unknown}
 E - a scroll of enchant armour {unknown}
 H - a scroll of teleportation
 L - a scroll of blinking {unknown}
 T - a scroll of vulnerability {unknown}
Potions
 g - 2 potions of invisibility {unknown}
 i - a potion of haste
 l - 4 potions of curing
 p - 3 potions of degeneration {unknown}
 D - a potion of mutation {unknown}
 G - 2 potions of resistance {unknown}
 O - a potion of berserk rage {unknown}
 S - 2 potions of flight {unknown}
 U - a potion of heal wounds
Miscellaneous
 d - a lamp of fire (inert)
Comestibles
 f - 26 rations
 V - 2 chunks of flesh


   Skills:
 + Level 10.7 Fighting
 - Level 14.4 Polearms
 * Level 7.4(8.0) Slings
 - Level 5.0(7.6) Throwing
 - Level 6.0 Dodging
 + Level 4.3 Shields


You had 10 spell levels left.
You didn't know any spells.
Your spell library was empty.

Dungeon Overview and Level Annotations

Branches:
Dungeon (10/15)            Temple (1/1) D:7            Lair (1/6) D:8
  Sewer (visited)
    Orc: D:9-12

Altars:
Ashenzari
Cheibriados
Dithmenos
Elyvilon
Fedhas
Gozag
Hepliaklqana
Kikubaaqudgha
Makhleb
Nemelex Xobeh
Okawaru
Qazlal
Ru
Sif Muna
Trog
Uskayaw
Vehumet
Wu Jian
Xom
Yredelemnul
Zin
The Shining One

Annotations:
D:10 exclusion: door


Message History

You block the blink frog's attack.
Firing (i - inventory. (/) - cycle)
k - 310 stones (quivered)
Press: ? - help, Shift-Dir - straight line, f/p - blink frog
Aim: a blink frog (heavily wounded, extremely poisoned)
You shoot a stone. The stone hits the blink frog!
The blink frog looks as sick as possible!
The blink frog is severely wounded.
You feel sick. The blink frog hits you!
* * * LOW HITPOINT WARNING * * *
You block the blink frog's attack. You block the blink frog's attack.
You feel sick.
Firing (i - inventory. (/) - cycle)
k - 309 stones (quivered)
Press: ? - help, Shift-Dir - straight line, f/p - blink frog
Aim: a blink frog (almost dead, extremely poisoned)
You shoot a stone. The stone barely misses the blink frog.
The blink frog hits you!
* * * LOW HITPOINT WARNING * * *
The blink frog hits you!
You die...

# ### .. #.P####### .#
#........#### ..#
#........##@## ##/..##
#........'.F.##(((...#
#........#.#(.(((...(.
#........######t.....(
#........P# ......(
######'#### .......
#...## ....... #.#..#
###.+#. #.#### #.


You could see a blink frog and a crocodile.

Vanquished Creatures
  Erolcha (D:9)
  2 hydras (Lair:1)
  A two-headed ogre (D:7)
  A komodo dragon (Lair:1)
  2 blink frogs (Lair:1)
  3 hippogriffs
  Sigmund (D:3)
  A spriggan (D:9)
  10 yaks (Lair:1)
  A hungry ghost (D:7)
  3 water moccasins (Lair:1)
  A porcupine (Lair:1)
  2 orc warriors
  5 sky beasts
  2 black bears
  A necrophage (D:6)
  A phantom (D:9)
  3 ice beasts
  3 centaurs
  5 ogres
  4 wolves (D:8)
  3 crocodiles
  6 bullfrogs
  A wyvern zombie (D:9)
  2 scorpions
  5 crimson imps
  2 quasits
  A bullfrog zombie (D:7)
  4 jellies
  2 hounds (D:5)
  A centaur skeleton (D:4)
  3 orc priests
  7 orc wizards
  3 iguanas
  A bullfrog skeleton (D:5)
  9 worker ants
  Ijyb (D:3)
  Natasha (thrice) (D:2)
  A statue (D:9)
  A killer bee zombie (D:7)
  A worker ant zombie (D:5)
  Robin (D:3)
  4 gnolls (D:2)
  14 adders
  3 shadow imps
  14 oozes
  2 adder zombies
  2 adder skeletons
  A worm (D:5)
  A dart slug (D:2)
  22 leopard geckos
  24 orcs
  13 ball pythons
  19 giant cockroaches
  11 goblins
  22 hobgoblins
  12 jackals
  8 kobolds
  A quokka (D:7)
  8 bats
  20 frilled lizards
  3 jackal skeletons
  8 rats
323 creatures vanquished.

Notes
Turn   | Place    | Note
-------+----------+-------------------------------------------
     0 | D:1      | ReteAZ the Merfolk Gladiator began the quest for the Orb.
     0 | D:1      | Reached XP level 1. HP: 16/16 MP: 1/1
    44 | D:1      | Reached XP level 2. HP: 17/23 MP: 2/2
   106 | D:1      | Reached skill level 5 in Polearms
   302 | D:1      | Reached XP level 3. HP: 27/28 MP: 3/3
  1223 | D:2      | Reached XP level 4. HP: 27/34 MP: 4/4
  1580 | D:2      | Noticed Natasha
  1598 | D:2      | Killed Natasha
  1598 | D:2      | Reached skill level 6 in Polearms
  1864 | D:2      | Reached XP level 5. HP: 41/41 MP: 5/5
  2013 | D:2      | Noticed Natasha
  2025 | D:2      | Killed Natasha
  2025 | D:2      | Reached skill level 5 in Dodging
  2241 | D:2      | Noticed Natasha
  2248 | D:2      | Killed Natasha
  2426 | D:3      | Reached XP level 6. HP: 46/47 MP: 6/6
  2691 | D:3      | Reached skill level 7 in Polearms
  2784 | D:3      | Noticed Ijyb
  2787 | D:3      | Noticed Robin
  2806 | D:3      | Killed Ijyb
  2810 | D:3      | Noticed Sigmund
  2819 | D:3      | Killed Robin
  2853 | D:3      | Killed Sigmund
  2853 | D:3      | Reached skill level 8 in Polearms
  2853 | D:3      | Reached XP level 7. HP: 38/54 MP: 7/7
  3473 | D:4      | Found the +5 robe of Misfortune {*Contam Harm *Corrode
                  | *Drain *Slow EV+5}
  3758 | D:4      | Reached skill level 9 in Polearms
  3865 | D:4      | Got a smoking hunting sling
  4027 | D:5      | Entered Level 5 of the Dungeon
  4043 | D:5      | Reached XP level 8. HP: 60/61 MP: 8/8
  4082 | D:5      | Reached skill level 5 in Fighting
  4392 | D:5      | Found an opulent altar of Gozag.
  4422 | D:5      | Found a glowing silver altar of Zin.
  4459 | D:5      | Reached skill level 10 in Polearms
  4482 | D:5      | Found a glowing golden altar of the Shining One.
  4484 | D:5      | Found a hazy altar of Hepliaklqana.
  4766 | D:5      | Found a glowing drain.
  4777 | Sewer    | Entered a sewer
  4893 | Sewer    | Reached skill level 5 in Throwing
  5123 | Sewer    | Reached skill level 11 in Polearms
  5390 | D:5      | Found a shimmering altar of Xom.
  5392 | D:5      | Found a shimmering blue altar of Sif Muna.
  5659 | D:6      | Reached XP level 9. HP: 69/69 MP: 9/9
  5783 | D:6      | Reached skill level 12 in Polearms
  6283 | D:7      | Identified the +11 hunting sling "Fayceoso" {venom, *Slow
                  | +Blink rF+} (You found it on level 4 of the Dungeon)
  6286 | D:7      | Found a staircase to the Ecumenical Temple.
  6316 | Temple   | Entered the Ecumenical Temple
  6358 | Temple   | Became a worshipper of Warmaster Okawaru
  6505 | D:7      | Reached skill level 13 in Polearms
  6579 | D:7      | Found an ornate altar of the Wu Jian Council.
  6757 | D:7      | Noticed a two-headed ogre
  6782 | D:7      | Killed a two-headed ogre
  6782 | D:7      | Reached * piety under Okawaru
  6782 | D:7      | Reached skill level 14 in Polearms
  6782 | D:7      | Reached XP level 10. HP: 78/78 MP: 10/10
  7094 | D:8      | Reached skill level 1 in Slings
  7110 | D:8      | Found a staircase to the Lair.
  7179 | D:8      | Found a sacrificial altar of Ru.
  7531 | D:8      | Found a blossoming altar of Fedhas.
  7723 | D:8      | Reached ** piety under Okawaru
  7752 | D:8      | Found a sacrificial altar of Ru.
  8172 | D:9      | Noticed Erolcha
  8178 | D:9      | Killed Erolcha
  8178 | D:9      | Reached *** piety under Okawaru
  8242 | D:9      | Reached skill level 5 in Slings
  8403 | D:9      | Found a shattered altar of Ashenzari.
  8404 | D:9      | Found a white marble altar of Elyvilon.
  8739 | D:9      | Reached skill level 1 in Shields
  8820 | D:9      | Found a radiant altar of Vehumet.
  8847 | D:9      | Found a snail-covered altar of Cheibriados.
  8862 | D:9      | Found a sparkling altar of Nemelex Xobeh.
  8971 | D:10     | Entered Level 10 of the Dungeon
  9612 | Lair:1   | Entered Level 1 of the Lair of Beasts
  9628 | D:8      | Reached XP level 11. HP: 40/90 MP: 11/11
 10010 | Lair:1   | Noticed a six-headed hydra
 10032 | Lair:1   | Reached skill level 10 in Fighting
 10292 | Lair:1   | Reached **** piety under Okawaru
 10500 | Lair:1   | Killed a six-headed hydra
 10799 | Lair:1   | Noticed a five-headed hydra
 10810 | Lair:1   | Killed a five-headed hydra
 11150 | Lair:1   | HP: 4/92 [blink frog (8)]
 11150 | Lair:1   | Slain by a blink frog

Levels and vault maps discovered:
D:1:      lemuel_arrival_tunnels, layout_basic, serial_bayou_pond_b,
          chequers_serial_rivers_micro_c
D:2:      layout_basic, mrwooster_statue_mirror, uniq_natasha
D:3:      layout_loops_ring, first_ration, minivault_14, uniq_sigmund,
          uniq_ijyb, uniq_robin
D:4:      layout_rooms
D:5:      layout_basic, lemuel_round_altar, nicolae_overflow_hidden_temple,
          serial_co_window_serial, co_window_of_opportunity_a,
          co_window_cross_1, co_window_paths_b, co_window_paths_a,
          co_window_corner_a, co_window_paths_c, co_window_of_opportunity_c,
          co_window_2corner, co_window_sun, glass_columns_c, glass_columns_b,
          glass_columns_b, glass_columns_b, glass_columns_b,
          gup_sewer_entry_bubbles, minmay_misc_feat_enclosed,
          nicolae_gozag_seed_capital
D:6:      layout_rooms
D:7:      layout_loops_ring, lemuel_doored_altar,
          minmay_temple_entry_sparse_star
D:8:      layout_loops_ring, fedhas_ov_isle_minmay, old_standard_altar,
          dpeg_oklobed_lair, nicolae_ru_the_path_less_chosen
D:9:      layout_gridville, cheibriados_altar_1, vehumet_statue,
          gammafunk_temple_overflow_pools, kennysheep_mini, serial_glass,
          glass_columns_c, glass_columns_a, minmay_strange_pillars,
          due_unseen_surprise, feat_on_display, item_on_display_a, the_bakery,
          uniq_erolcha
D:10:     layout_grid_maze
Temple:   jpeg_temple_island
Lair:1:   layout_roguey [special_room_bee], beast_lair_carwin_3,
          grunt_megastairs_1

Skill      XL: |  1  2  3  4  5  6  7  8  9 10 11 |
---------------+----------------------------------+-----
Polearms       | 5 6 8 9 11 14 | 14.4
Fighting       | 3 4 6 8 9 10 | 10.7
Dodging        | 5 6 |  6.0
Throwing       | 3 4 5 |  5.0
Slings         | 5 7 |  7.4
Shields        | 1 4 |  4.3

Action                   |  1- 3 |  4- 6 |  7- 9 | 10-12 || total
-------------------------+-------+-------+-------+-------++-------
Melee: Trident           |   121 |   232 |   601 |    23 ||   977
       Tailslap          |       |       |    24 |       ||    24
       Hunting sling     |       |       |       |     2 ||     2
 Fire: Hunting sling     |       |       |    52 |   276 ||   328
Throw: Throwing net      |       |     3 |       |       ||     3
       Javelin           |       |     2 |       |       ||     2
       Boomerang         |       |     5 |       |       ||     5
Evoke: Wand              |       |       |       |     9 ||     9
       Lamp of fire      |       |       |       |     1 ||     1
  Use: Potion            |       |     1 |     2 |     4 ||     7
       Scroll            |       |       |     4 |     2 ||     6
 Stab: Sleeping          |       |     1 |     1 |       ||     2
  Eat: Chunk             |     1 |     5 |    17 |    10 ||    33
       Ration            |       |       |       |     1 ||     1
Armor: Leather armour    |    18 |    16 |       |       ||    34
       Ring mail         |       |    31 |   169 |    56 ||   256
Dodge: Dodged            |    68 |   127 |   355 |    95 ||   645
Block: Kite shield       |       |       |       |    52 ||    52

Table legend:
 A = Non-vault XP
 B = Vault XP
 C = Vault XP percentage of total XP
 D = Non-vault monster count
 E = Vault monster count
 F = Vault count percentage of total count
                 A         B        C        D         E       F
            +---------+---------+-------+---------+---------+-------
      Total |   12156 |    3334 |  21.5 |     219 |     104 |  32.2
            +---------+---------+-------+---------+---------+-------
        D:1 |      45 |       9 |  16.7 |      26 |       5 |  16.1
        D:2 |     194 |      35 |  15.3 |      26 |       1 |   3.7
        D:3 |     377 |     311 |  45.2 |      35 |      14 |  28.6
        D:4 |     172 |       0 |   0.0 |      14 |       0 |   0.0
        D:5 |     689 |      31 |   4.3 |      18 |       7 |  28.0
        D:6 |     626 |       0 |   0.0 |      16 |       0 |   0.0
        D:7 |    2019 |       0 |   0.0 |      23 |       0 |   0.0
        D:8 |    2024 |       0 |   0.0 |      24 |       0 |   0.0
        D:9 |     948 |    1229 |  56.5 |      15 |       3 |  16.7
       D:10 |     265 |       0 |   0.0 |       4 |       0 |   0.0
     Lair:1 |    4797 |    1319 |  21.6 |      18 |       7 |  28.0
      Sewer |       0 |     400 | 100.0 |       0 |      67 | 100.0
            +---------+---------+-------+---------+---------+-------
